 Dungeon Crawl Stone Soup version 0.28-a0-1334-g1c9ffb4daf (webtiles) character file.

Game seed: 3759403278682763716

65 Grim the Poker (level 4, -1/35 HPs)
             Began as a Formicid Fighter on Dec 28, 2021.
             Slain by Grinder (5 damage)
             ... on level 2 of the Dungeon.
             The game lasted 00:02:57 (2338 turns).

Grim the Poker (Formicid Fighter)                   Turns: 2338, Time: 00:02:58

Health: -1/35      AC:  6    Str: 21    XL:     4   Next: 34%
Magic:  4/4        EV:  9    Int:  9    God:
Gold:   112        SH:  4    Dex: 10    Spells: 3/3 levels left

rFire   . . .      SeeInvis +   a - +0 trident
rCold   . . .      Faith    .   c - +0 buckler
rNeg    . . .      Spirit   .   b - +0 scale mail
rPois   .          Reflect  .   (helmet unavailable)
rElec   .          Harm     .   (no cloak)
rCorr   .          Rampage  .   (no gloves)
Will    .....                   (no boots)
Stlth   ..........              (no amulet)
HPRegen 0.11/turn               (no ring)
MPRegen 0.09/turn               (no ring)

@: mighty
A: permanent stasis, dig shafts and tunnels, antennae 3, four strong arms
a: Dig, Shaft Self


You were on level 2 of the Dungeon.
You visited 1 branch of the dungeon, and saw 3 of its levels.

You collected 112 gold pieces.

Inventory:

Hand Weapons
 a - a +0 trident (weapon)
Missiles
 n - 3 boomerangs of dispersal
 p - 82 stones
 q - 35 poisoned darts
Armour
 b - a +0 scale mail (worn)
 c - a +0 buckler (worn)
Scrolls
 f - 3 scrolls of identify {unknown}
 h - 3 scrolls of teleportation {unknown}
 i - a scroll of enchant armour {unknown}
 j - a scroll of magic mapping {unknown}
 k - a scroll of immolation {unknown}
 o - a scroll of vulnerability {unknown}
Potions
 e - a potion of attraction {unknown}
 g - a potion of haste {unknown}
 l - 2 potions of berserk rage {unknown}
 m - 3 potions of heal wounds {unknown}
 r - a potion of degeneration {unknown}


   Skills:
 - Level 3.2 Fighting
 + Level 4.3 Polearms
 - Level 3.2 Armour
 - Level 3.6 Shields


You had 3 spell levels left.
You didn't know any spells.
Your spell library contained the following spells:

 Spells                   Type           Power      Damage    Failure   Level
 Pain                     Necr           0%         1d4       73%         1
 Agony                    Necr           0%         N/A       100%        5
 Excruciating Wounds      Necr           0%         N/A       100%        5


Dungeon Overview and Level Annotations

Branches:
Dungeon (3/15)

Altars:
Makhleb

Annotations:
D:2 Grinder


Innate Abilities, Weirdness & Mutations

You cannot be hasted, slowed, berserked, paralysed or teleported.
You can dig through walls and to a lower floor.
You have a pair of large antennae on your head. (SInv)
Your four strong arms can wield two-handed weapons with a shield.


Message History

The orc is moderately wounded.
An adder comes into view.
The orc hits you but does no damage.
The orc throws a silver boomerang.
The silver boomerang hits you. Grinder gestures at you.
Your stasis prevents you from being paralysed.
There is a stone staircase leading up here.
Grinder says, "You look like you could use a good racking."
Grinder gestures at you. You resist with significant effort.
You climb upwards.
There is a stone staircase leading down here.
You hit Grinder.
Grinder is lightly wounded.
Grinder barely misses you.
You hit Grinder but do no damage.
Grinder is lightly wounded.
Grinder blinks!
You close the door.
You feel very mighty all of a sudden.
You open the door. Grinder gestures at you. Pain shoots through your body!
There is an open door here.
You reach to attack!
You puncture Grinder!
Grinder is lightly wounded.
You puncture Grinder!
Grinder is heavily wounded.
Grinder gestures at you. Pain shoots through your body!
* * * LOW HITPOINT WARNING * * *
You are too injured to fight recklessly!
You are too injured to fight recklessly!
You are too injured to fight recklessly!
You barely miss Grinder.
Grinder is heavily wounded.
Grinder hits you!
* * * LOW HITPOINT WARNING * * *
You writhe in agony.
You die...

######### #...... #.......#
#...... #.......# #......
#.......###### #......
#.......#....# #......
#.......#....######......
#.......#....+...........
####.......#....#...........
#.........5@>...'...........
#.##.......#.####.....######
#.##########.# #.....# #.#
#.####.....# #.#
#..........# # #.#
#..........# # #.#
#..........# ### #.#
#..........# #.. #.#
#.....###### #.#


You could see Grinder.

Vanquished Creatures
  A dart slug (D:2)
  An orc (D:2)
  5 bats
  12 endoplasms
  3 giant cockroaches
  8 goblins
  2 hobgoblins
  4 kobolds (D:2)
  5 quokkas
  3 ball pythons (D:1)
  3 frilled lizards (D:1)
  5 rats
52 creatures vanquished.

Notes
Turn   | Place    | Note
-------+----------+-------------------------------------------
     0 | D:1      | Grim the Formicid Fighter began the quest for the Orb.
     0 | D:1      | Reached XP level 1. HP: 18/18 MP: 1/1
   158 | D:1      | Reached XP level 2. HP: 23/24 MP: 2/2
   330 | D:1      | Reached skill level 3 in Polearms
   474 | D:1      | Reached XP level 3. HP: 29/29 MP: 3/3
   486 | D:1      | Found a faded altar of an unknown god.
  1114 | D:2      | Reached skill level 4 in Polearms
  1114 | D:2      | Reached XP level 4. HP: 35/35 MP: 4/4
  1632 | D:2      | Found a burning altar of Makhleb.
  2070 | D:3      | Identified the +8 hand axe of Trog's Esteem {vorpal, Int-4
                  | Dex+5}
  2312 | D:3      | Noticed Grinder
  2338 | D:2      | Slain by Grinder

Illustrated notes

Levels and vault maps discovered:
D:1:      dpeg_arrival_tiny_a, layout_basic, dreamdust_ecumenical_altar_grove,
          chequers_serial_rivers_large_b
D:2:      layout_basic, basic_altar, minmay_surrounded
D:3:      layout_loops_ring, minmay_puff, uniq_grinder

Skill      XL: |  1  2  3 |
---------------+----------+-----
Polearms       | 3 4 |  4.3
Fighting       | |  3.2
Armour         | |  3.2
Shields        | |  3.6

Action                   |  1- 3 |  4- 6 || total
-------------------------+-------+-------++-------
Melee: Trident           |   121 |    69 ||   190
  Use: Potion            |       |     1 ||     1
Armor: Scale mail        |    29 |    32 ||    61
Dodge: Dodged            |    48 |    37 ||    85
Block: Buckler           |    18 |    11 ||    29

Table legend: (Time is in decaauts)
 A = Elapsed time spent in this place.
 B = Non-inter-level travel time spent in this place.
 C = Inter-level travel time spent in this place.
 D = Time resting spent in this place.
 E = Time spent auto-exploring this place.
 F = Levels seen in this place.
 G = Mean time per level.
                   A        B        C        D        E       F      G
               +--------+--------+--------+--------+--------+-----+--------+
         Total |   2392 |   2354 |     38 |    581 |   1349 |   3 |  797.3 |
       Dungeon |   2392 |   2354 |     38 |    581 |   1349 |   3 |  797.3 |
               +--------+--------+--------+--------+--------+-----+--------+

Top non-repeatable levels by time:
     D:2: 1264 daAuts
     D:1: 820 daAuts
     D:3: 308 daAuts
